 Dungeon Crawl Stone Soup version 0.31-a0-365-gcf821cafb2 (webtiles) character file.

Game seed: 5931450613005133322

126 CraigForest the Slasher (level 5, -1/32 HPs)
             Began as a Tengu Monk on July 28, 2023.
             Was a Priest of Makhleb.
             Slain by a bullfrog (3 damage)
             ... on level 3 of the Dungeon.
             The game lasted 00:12:48 (1762 turns).

CraigForest the Slasher (Tengu Monk)                Turns: 1762, Time: 00:12:48

Health: -1/32      AC:  6    Str: 11    XL:     5   Next: 9%
Magic:  6/6        EV: 12    Int: 11    God:    Makhleb [***...]
Gold:   153        SH:  0    Dex: 18    Spells: 4/4 levels left

rFire   . . .        a - +0 falchion
rCold   . . .        d - orb {light}
rNeg    . . .        q - +0 scale mail
rPois   .            (helmet restricted)
rElec   .            (no cloak)
rCorr   .            (no gloves)
SInv    .            (boots unavailable)
Will    .....        (no amulet) Stlth
                     (no ring)
HPRegen 0.25/turn    (no ring)
MPRegen 0.10/turn

%: no passive effects
@: flying quickly and evasively, glowing, quick
A: beak, talons 3, nimble flight
a: Renounce Religion, Minor Destruction, Lesser Servant of Makhleb


You were on level 3 of the Dungeon.
You worshipped Makhleb.
Makhleb was most pleased with you.
You visited 1 branch of the dungeon, and saw 3 of its levels.

You collected 153 gold pieces.

Inventory:

Hand Weapons
 a - a +0 falchion (weapon)
 i - a +3 dagger
 n - a +0 sling
Missiles
 m - 5 poisoned darts
Armour
 b - a +0 robe
 d - an orb of light (worn)
 f - a +0 ring mail
 q - a +0 scale mail (worn)
Scrolls
 e - a scroll of poison {unknown}
 g - 2 scrolls of fog {unknown}
 k - a scroll of vulnerability {unknown}
 l - a scroll of brand weapon {unknown}
Potions
 c - 2 potions of ambrosia
 h - 3 potions of curing {unknown}
 j - 3 potions of heal wounds {unknown}
 o - a potion of lignification {unknown}
 p - a potion of brilliance {unknown}


   Skills:
 + Level 3.6 Fighting
 + Level 4.5 Long Blades
 + Level 1.7 Armour
 + Level 4.2 Dodging
 + Level 0.1 Invocations


You had 4 spell levels left.
You didn't know any spells.
Your spell library contained the following spells:

 Spells                   Type           Power      Damage    Failure   Level
 Cigotuvi's Dreadful Rot  Necr/Pois/Air  0%         N/A       97%         2
 Dazzling Flash           Conj/Hex       0%         N/A       99%         3
 Ignite Poison            Fire/Tmut/Pois 0%         N/A       99%         3
 Volatile Blastmotes      Fire/Tloc      0%         2d10      99%         3
 Freezing Cloud           Conj/Ice/Air   0%         6-21      100%        5
 Starburst                Conj/Fire      0%         6d3       100%        6
 Maxwell's Capacitive Co  Air            0%         ∞         100%        8


Dungeon Overview and Level Annotations

Branches:
Dungeon (3/15)

Altars:
Makhleb
Yredelemnul

Shops:
D:2 [


Innate Abilities, Weirdness & Mutations

You have a beak for a mouth.
You have claws for feet.
Your magical nature lets you fly swiftly and evasively.


Message History

You finish putting on your +0 scale mail.
A bullfrog comes into view.
The bullfrog hits you.
You hit the bullfrog but do no damage. You claw the bullfrog.
The bullfrog is lightly wounded.
The bullfrog hits you.
You hit the bullfrog.
You claw the bullfrog, but do no damage.
The bullfrog is lightly wounded.
The bullfrog hits you. The bullfrog closely misses you.
You barely miss the bullfrog.
You claw the bullfrog, but do no damage.
You peck the bullfrog.
The bullfrog is moderately wounded.
The bullfrog hits you!
You hit the bullfrog but do no damage. You claw the bullfrog.
Your peck misses the bullfrog.
The bullfrog is heavily wounded.
The bullfrog hits you. x2
You slash the bullfrog! Your kick misses the bullfrog. You peck the bullfrog.
The bullfrog is almost dead.
The bullfrog hits you but does no damage.
The bullfrog hits you.
You completely miss the bullfrog. Your kick misses the bullfrog.
Your peck misses the bullfrog.
The bullfrog is almost dead.
The bullfrog hits you.
* * * LOW HITPOINT WARNING * * *
The bullfrog hits you.
* * * LOW HITPOINT WARNING * * *
You closely miss the bullfrog.
The bullfrog is almost dead.
The bullfrog hits you.
* * * LOW HITPOINT WARNING * * *
You barely miss the bullfrog. You peck the bullfrog.
The bullfrog is almost dead.
The bullfrog hits you.
* * * LOW HITPOINT WARNING * * *
The bullfrog hits you.
You die...

######.####..#.##.......#
#...
.....#.†.##.#...........#
#...
...............###......#
#...
.......#.##.##.##########
#... .......#....##....#
##.. .......###..#####.#
##.. .......# #### .#
#... .......##########F#
#... ................@.#
#... .......############
#... .......# #...
.......# ##.. .......#
##. ......## ## .....##
######


You could see a bullfrog.

Vanquished Creatures
  Natasha (twice) (D:3)
  2 adders
  A dart slug (D:3)
  An orc (D:3)
  4 bats
  4 endoplasms
  3 giant cockroaches
  5 goblins
  7 hobgoblins
  2 jackals (D:1)
  3 kobolds
  2 quokkas
  7 ball pythons
  5 frilled lizards
  5 rats
53 creatures vanquished.

Notes
Turn   | Place    | Note
-------+----------+-------------------------------------------
     0 | D:1      | CraigForest the Tengu Monk began the quest for the Orb.
     0 | D:1      | Reached XP level 1. HP: 14/14 MP: 2/2
    41 | D:1      | Reached XP level 2. HP: 19/19 MP: 3/3
   352 | D:1      | Reached XP level 3. HP: 23/23 MP: 4/4
   809 | D:2      | Found a basalt altar of Yredelemnul.
  1050 | D:2      | Found Dolusk's Antique Armour Boutique.
  1311 | D:2      | Found a faded altar of an unknown god.
  1326 | D:2      | Prayed at the altar of an unknown god.
  1326 | D:2      | Became a worshipper of Makhleb the Destroyer
  1326 | D:2      | Reached * piety under Makhleb
  1326 | D:2      | Reached ** piety under Makhleb
  1476 | D:3      | Noticed Natasha
  1483 | D:3      | Killed Natasha
  1483 | D:3      | Reached *** piety under Makhleb
  1484 | D:3      | Reached skill level 1 in Armour
  1484 | D:3      | Reached XP level 4. HP: 7/28 MP: 5/5
  1669 | D:3      | Noticed Natasha
  1677 | D:3      | Killed Natasha
  1678 | D:3      | Gained mutation: Your magical nature lets you fly swiftly
                  | and evasively. [Tengu growth]
  1678 | D:3      | Reached XP level 5. HP: 16/32 MP: 6/6
  1762 | D:3      | Slain by a bullfrog

Illustrated notes

Levels and vault maps discovered:
D:1:      minmay_arrival_plants_in_alcoves, layout_basic, chequers_big_river,
          corexii_item_surrounded_by_moat
D:2:      layout_basic, serial_shops, shop, basic_altar,
          chequers_ecumenical_altar_island
D:3:      layout_rooms, uniq_natasha

Skill      XL: |  1  2  3 |
---------------+----------+-----
Long Blades    | 4 |  4.5
Armour         | 1 |  1.7
Dodging        | 4 |  4.2
Fighting       | |  3.6
Invocations    | |  0.1

Action                     |  1- 3 |  4- 6 || total
---------------------------+-------+-------++-------
  Melee: Falchion          |    61 |    31 ||    92
         Kick              |    14 |     9 ||    23
         Peck              |    12 |     5 ||    17
 Invoke: Minor Destruction |     1 |     3 ||     4
 Armour: Robe              |     1 |       ||     1
         Ring mail         |    18 |     6 ||    24
         Scale mail        |       |     1 ||     1
  Dodge: Dodged            |    19 |    13 ||    32

Table legend: (Time is in decaauts)
 A = Elapsed time spent in this place.
 B = Non-inter-level travel time spent in this place.
 C = Inter-level travel time spent in this place.
 D = Time resting spent in this place.
 E = Time spent auto-exploring this place.
 F = Levels seen in this place.
 G = Mean time per level.
                   A        B        C        D        E       F      G
               +--------+--------+--------+--------+--------+-----+--------+
         Total |   1790 |   1478 |    312 |      0 |   1076 |   3 |  596.7 |
       Dungeon |   1790 |   1478 |    312 |      0 |   1076 |   3 |  596.7 |
               +--------+--------+--------+--------+--------+-----+--------+

Top non-repeatable levels by time:
     D:1: 800 daAuts
     D:2: 648 daAuts
     D:3: 341 daAuts
